 Dungeon Crawl Stone Soup version 0.26-a0-259-g1effd001a9 (webtiles) character file.

Game seed: 323349208093643708

355398 Apogee the Brawler (level 21, -2/218 HPs)
             Began as a Troll Abyssal Knight on July 14, 2020.
             Was a High Priest of Lugonu.
             Slain by an azure jelly (17 damage)
             ... on level 4 of the Pits of Slime.
             The game lasted 01:57:40 (48393 turns).

Apogee the Brawler (Troll Abyssal Knight)          Turns: 48393, Time: 01:57:40

Health: -2/218     AC: 24    Str: 35    XL:     21   Next: 37%
Magic:  1/27       EV: 17    Int:  8    God:    Lugonu [*****.]
Gold:   2146       SH:  0    Dex: 11    Spells: 19/20 levels left

rFire    . . .     SeeInvis +     - Unarmed
rCold    + . .     Faith    .   R - +1 kite shield {rN+}
rNeg     + . .     Spirit   .   u - +0 acid dragon scales
rPois    .         Reflect  +   Q - +1 hat {SInv}
rElec    .         Harm     .   x - +1 cloak
rCorr    +                      (gloves unavailable)
MR       +....                  (boots unavailable)
Stlth    +.........             Z - amulet of reflection
HPRegen  0.86/turn              n - ring of Robustness {AC+8}
MPRegen  0.20/turn              X - ring of protection from cold

@: confused, berserk cooldown, slowed, very slow
A: large, unfitting armour, claws 3, repulsion field 1, agile 1, fast metabolism
1, regeneration 1, shaggy fur 1, strong 1, tough skin 3, sturdy frame 1
}: 2/15 runes: decaying, serpentine
a: Depart the Abyss, Bend Space, Banish, Corrupt, Enter the Abyss, Renounce
Religion


You were on level 4 of the Pits of Slime.
You worshipped Lugonu.
Lugonu was extremely pleased with you.
You were not hungry.

You visited 8 branches of the dungeon, and saw 40 of its levels.
You visited the Abyss 3 times.
You also visited: Ice Cave, Volcano and Wizlab.

You collected 4816 gold pieces.
You spent 2670 gold pieces at shops.

Inventory:

Hand Weapons
 b - the +8 arc blade {discharge, rElec}
   (You took it off a tengu conjurer on level 14 of the Dungeon)

   It insulates you from electricity.
Missiles
 g - 6 throwing nets (quivered)
Armour
 u - +0 acid dragon scales (worn)
 x - a +1 cloak (worn)
 I - a scarf of repulsion
 Q - a +1 hat of see invisible (worn)
 R - a +1 kite shield of positive energy (worn)
Jewellery
 n - the ring of Robustness (left claw) {AC+8}
   (You bought it in a shop on level 2 of the Orcish Mines)

   [ring of protection]

   It affects your AC (+8).
 s - an uncursed ring of protection from magic
 F - an uncursed ring of poison resistance
 L - an uncursed ring of protection from fire
 M - the amulet of Satyriasis {Acrobat +Inv rElec rPois}
   (You acquired it on level 3 of the Snake Pit)

   [amulet of the acrobat]

   It helps you evade while moving and waiting.
   It insulates you from electricity.
   It protects you from poison.
   It lets you turn invisible.
 P - a +6 ring of strength
 X - a ring of protection from cold (right claw)
 Z - an amulet of reflection (around neck)
Wands
 w - a wand of flame (53)
 C - a wand of digging (31)
Scrolls
 h - 15 scrolls of teleportation
 i - 10 scrolls of identify
 m - 4 scrolls of enchant weapon
 o - 8 scrolls of amnesia
 q - 13 scrolls of remove curse
 A - 3 scrolls of enchant armour
 B - 6 scrolls of fear
 E - a scroll of brand weapon
 G - 4 scrolls of holy word
 S - a scroll of magic mapping
 U - 2 scrolls of immolation
 Y - 2 scrolls of silence
Potions
 a - a potion of invisibility
 c - 2 potions of berserk rage
 d - a potion of magic
 e - 13 potions of curing
 j - 6 potions of mutation
 k - 2 potions of brilliance
 r - 2 potions of haste
 z - a potion of cancellation
 D - 6 potions of flight
 H - 9 potions of stabbing
 J - a potion of resistance
 K - 2 potions of heal wounds
 N - 6 potions of might
Miscellaneous
 T - a phantom mirror
Comestibles
 O - 69 rations


   Skills:
 - Level 15.0 Fighting
 + Level 12.2 Armour
 + Level 12.2 Dodging
 - Level 15.0 Shields
 - Level 20.0 Unarmed Combat
 + Level 10.3 Invocations


You had 19 spell levels left.
You knew the following spells:

 Your Spells              Type           Power        Failure   Level
a - Beastly Appendage     Tmut           #.....       41%         1

Your spell library contained the following spells:

 Spells                   Type           Power        Failure   Level
 Corona                   Hex            #......      41%         1
 Magic Dart               Conj           #...         41%         1
 Sting                    Tmut/Pois      #...         41%         1
 Summon Butterflies       Summ           #.......     41%         1
 Blink                    Tloc           N/A          56%         2
 Ensorcelled Hibernation  Hex/Ice        #.....       56%         2
 Poisonous Vapours        Pois/Air       #.....       56%         2
 Shroud of Golubria       Chrm/Tloc      #.....       56%         2
 Sticks to Snakes         Tmut           #.......     56%         2
 Confusing Touch          Hex            #.......     80%         3
 Conjure Flame            Conj/Fire      #.......     80%         3
 Dazzling Flash           Conj/Hex       #.....       80%         3
 Gell's Gravitas          Tloc           #.........   80%         3
 Ignite Poison            Fire/Tmut/Pois #.......     80%         3
 Lesser Beckoning         Tloc           #.........   80%         3
 Mephitic Cloud           Conj/Pois/Air  #.......     80%         3
 Spider Form              Tmut/Pois      #.........   80%         3
 Static Discharge         Conj/Air       #.......     80%         3
 Stone Arrow              Conj/Erth      #.....       80%         3
 Teleport Other           Tloc           #.......     80%         3
 Tukima's Dance           Hex            #.......     80%         3
 Hailstorm                Conj/Ice       #.......     99%         4
 Ice Form                 Ice/Tmut       #.......     99%         4
 Iskenderun's Mystic Bla  Conj/Tloc      #.......     99%         4
 Leda's Liquefaction      Hex/Erth       #.........   99%         4
 Olgreb's Toxic Radiance  Pois           #.......     99%         4
 Passage of Golubria      Tloc           N/A          99%         4
 Petrify                  Tmut/Erth      #.......     99%         4
 Summon Ice Beast         Ice/Summ       #.......     99%         4
 Blade Hands              Tmut           #.........   100%        5
 Bolt of Magma            Conj/Fire/Erth #.........   100%        5
 Irradiate                Conj/Tmut      #.........   100%        5
 Iskenderun's Battlesphe  Conj/Chrm      #.......     100%        5
 Lightning Bolt           Conj/Air       #.........   100%        5
 Metabolic Englaciation   Hex/Ice        #.........   100%        5
 Silence                  Hex/Air        #.........   100%        5
 Summon Demon             Summ           #.........   100%        5
 Freezing Cloud           Conj/Ice/Air   #.........   100%        6
 Iron Shot                Conj/Erth      #.........   100%        6
 Ozocubu's Refrigeration  Ice            #.........   100%        6
 Simulacrum               Ice/Necr       #.........   100%        6
 Statue Form              Tmut/Erth      #........    100%        6
 Spellforged Servitor     Conj/Summ      #.........   100%        7
 Ignition                 Fire           #.........   100%        8
 Shatter                  Erth           #.........   100%        9
 Tornado                  Air            #.........   100%        9


Dungeon Overview and Level Annotations

Branches:
Dungeon (15/15)            Temple (0/1) D:6            Lair (6/6) D:10
  Swamp (4/4) Lair:4        Snake (4/4) Lair:4        Slime (4/5) Lair:6
    Orc (2/2) D:9             Elf (1/3) Orc:2        Vaults (4/5) D:13
  Crypt (0/3) Vaults:2     Depths (0/5) D:15          IceCv (visited)
Volcano (visited)          WizLab (visited)

Altars:
Ashenzari
Cheibriados
Elyvilon
Kikubaaqudgha
Makhleb
Ru
Sif Muna
Trog
Vehumet
The Shining One
Beogh
Jiyva

Shops:
D:5 (   D:6 (   D:7 *   D:9 (   D:10 [   D:14 *   D:15 *   Orc:2 %(*=
Snake:3 !   Snake:4 =}=   Vaults:1 :}(   Vaults:2 (   Vaults:3 ?[

Portals:
Hell: Lair:6
Trove: D:13 (give 6 scrolls of fear)

Annotations:
Swamp:4 corrupted
Snake:4 corrupted
Slime:2 Dissolution
Elf:1 3 runed translucent doors, Daamyrhor's ghost, journeyman TrFi
Abyss:1 Rupert


Innate Abilities, Weirdness & Mutations

You are too large for most types of armour.
You have claws for hands.
You have a fast metabolism.
Your natural rate of healing is unusually fast.
You are covered in fur. (AC +1)
You have extremely tough skin. (AC +3)
You are surrounded by a mild repulsion field. (EV +2)
You are agile. (Dex +2)
Your muscles are strong. (Str +2)
Your movements are slightly less encumbered by armour. (ER -2)


Message History

You resist with some effort. The golden eye blinks at you.
You easily resist.
The golden eye blinks!
The golden eye blinks at you.
You are more confused.
The azure jelly barely misses you. The azure jelly hits you.
* * * LOW HITPOINT WARNING * * *
The azure jelly freezes you! You resist.
* * * LOW HITPOINT WARNING * * *
The azure jelly hits you but does no damage. x2
The golden eye blinks at you.
You easily resist.
The golden eye blinks at you. You resist with almost no effort.
The golden eye blinks at you. You resist with almost no effort.
You completely miss the golden eye. The azure jelly hits you.
* * * LOW HITPOINT WARNING * * *
The azure jelly freezes you! You resist.
You die...

.....##.#..
.....#.#.....
............
...........###
.............##
..............#
...#......##.#
.......G..#.##
..G.G..@JJ...#
..ยง.....G....#
.......GG...##
..........###
.<.........####
............#.##
...#...........#
............#.##
......#....##.#


You could see an azure jelly, a slime creature, 2 eyes of draining and 4 golden
eyes.

Vanquished Creatures
  Boris (Vaults:4)
  Nikola (Swamp:3)
  A bone dragon (Vaults:2)
  3 acid blobs
  2 sphinxes (Vaults:4)
  Agnes (D:14)
  A thorn hunter (Swamp:1)
  8 nagarajas
  3 deep elf sorcerers
  An azure jelly (Slime:3)
  2 frost giants
  18 vault wardens
  Louise (Swamp:2)
  A deep elf elementalist (Elf:1)
  11 ironheart preservers
  7 stone giants
  2 war gargoyles
  3 very ugly things
  An entropy weaver (Vaults:4)
  3 deep elf demonologists
  Azrael (D:14)
  2 deep elf annihilators (Vaults:3)
  10 purple draconians (WizLab)
  An ettin (Vaults:3)
  5 statues (WizLab)
  Erolcha (D:13)
  A great orb of eyes (Vaults:3)
  4 fire dragons
  3 rakshasas
  Fannar (D:10)
  5 yaktaur captains
  4 hydras
  3 ice dragons
  Harold (Orc:1)
  14 vault guards
  17 naga warriors
  5 centaur warriors
  2 ghost crabs (Swamp:4)
  A shambling mangrove (Swamp:4)
  9 anacondas
  A death knight (Vaults:1)
  13 alligators
  19 two-headed ogres
  2 dancing weapons (Elf:1)
  9 ogre magi
  5 tengu warriors (D:15)
  8 naga sharpshooters
  11 shock serpents
  3 orc high priests (Orc:2)
  A hell knight (D:15)
  Nergalle (D:11)
  8 deep elf knights
  A fire crab (Swamp:4)
  2 fire crabs (shapeshifter)
  4 salamander mystics
  3 sixfirhies
  A skeletal warrior (D:13)
  2 spriggan druids
  5 unseen horrors
  4 deep trolls (Vaults:1)
  9 naga ritualists
  3 wizards
  2 phantasmal warriors
  A necromancer (Vaults:3)
  5 deep elf archers
  A flayed ghost (Vaults:3)
  A harpy (Vaults:2)
  13 ironbrand convokers
  5 swamp dragons
  57 deep elf magi
  16 orc knights
  8 mana vipers
  12 ugly things
  4 orc sorcerers
  2 wolf spiders
  3 cyclopes
  A centaur zombie (D:14)
  9 salamanders
  29 black mambas
  An eye of devastation (Slime:4)
  2 molten gargoyles
  4 guardian serpents
  25 naga magi
  2 ice statues (IceCv)
  A black mamba (shapeshifter) (Vaults:4)
  A guardian serpent (shapeshifter) (Vaults:1)
  9 elephants
  9 centaur skeletons
  3 orange demons (Lair:6)
  2 human zombies (Vaults:3)
  14 vault sentinels
  19 cane toads
  13 rime drakes
  4 kobold demonologists
  47 yaktaurs
  A komodo dragon (shapeshifter) (Vaults:3)
  4 freezing wraiths
  9 ice devils
  6 komodo dragons
  An efreet (Volcano)
  A hellwing (Lair:6)
  A red devil (Lair:6)
  A tengu conjurer (D:14)
  A troll (shapeshifter) (Vaults:4)
  11 trolls
  A queen bee (shapeshifter) (Vaults:4)
  A wolf spider simulacrum (D:15)
  3 polar bears
  A dream sheep (shapeshifter) (Elf:1)
  3 tyrant leeches
  14 hornets
  A raiju (shapeshifter) (Vaults:3)
  5 raiju (D:14)
  13 blink frogs
  7 bog bodies
  A hippogriff (shapeshifter) (Elf:1)
  61 slime creatures
  2 human simulacra
  12 hippogriffs
  20 dream sheep
  A fire giant simulacrum (Vaults:2)
  A shadow (Swamp:3)
  An air elemental (Elf:1)
  3 water elementals
  9 spriggans
  3 redbacks (Vaults:4)
  A spriggan (shapeshifter) (Vaults:3)
  8 wyverns (Lair:5)
  10 wraiths
  5 basilisks
  9 fire bats
  8 fire elementals
  28 yaks
  2 golden eyes (Slime:4)
  2 steam dragons (Swamp:4)
  6 wargs
  14 vampire mosquitoes
  3 soldier ants
  15 swamp worms
  53 nagas
  4 acid dragons
  15 water moccasins
  9 insubstantial wisps
  10 hell hounds
  11 ice beasts
  7 porcupines
  3 sky beasts
  2 meliai simulacra
  27 orc warriors
  9 swamp drakes
  2 eyes of draining
  2 necrophages
  2 black bears (D:9)
  An ice beast (shapeshifter) (Vaults:4)
  24 ogres
  3 phantoms
  6 wolves
  4 boggarts
  18 centaurs
  18 crocodiles
  11 big kobolds
  A gnoll sergeant (D:9)
  20 bullfrogs
  An earth elemental (Volcano)
  A wyvern zombie (D:13)
  A deep troll simulacrum (Vaults:3)
  4 scorpions
  3 killer bees (D:11)
  An elf simulacrum (Vaults:4)
  4 wights (D:12)
  5 electric eels
  A howler monkey (D:5)
  5 lava snakes (Volcano)
  A bullfrog zombie (D:13)
  9 hounds
  A quasit (D:10)
  37 orc priests
  36 orc wizards
  A gnoll shaman (D:7)
  10 jellies
  2 bullfrog skeletons
  2 iguanas
  13 worker ants
  A hound skeleton (D:9)
  3 worker ant zombies
  A howler monkey skeleton (D:8)
  14 gnolls
  12 adders
  2 shadow imps
  14 white imps
  9 ufetubi
  13 oozes
  2 worms (D:3)
  3 adder skeletons
  2 leopard geckos
  88 orcs
  8 giant cockroaches
  6 goblins
  3 hobgoblins
  10 jackals
  4 quokkas
  2 ball pythons
  10 bats
  7 frilled lizards
  21 kobolds
  2 quokka skeletons
  10 rats
  3 fungi (D:13)
  A plant (Lair:5)
1562 creatures vanquished.

Vanquished Creatures (others)
  2 nagarajas (Snake:4)
  A vault warden (Vaults:4)
  A reaper (IceCv)
  An ironheart preserver (Vaults:4)
  2 fire dragons (Swamp:4)
  15 hydras
  2 naga warriors (Snake:4)
  An alligator (Swamp:4)
  2 naga sharpshooters (Snake:4)
  An orc high priest (Orc:2)
  A shock serpent (D:14)
  5 swamp dragons (Swamp:4)
  A deep elf archer (Elf:1)
  A glowing orange brain (Vaults:2)
  An ironbrand convoker (Vaults:4)
  A naga ritualist (Snake:4)
  2 lindwurms (Swamp:4)
  2 deep elf magi (Elf:1)
  An orc knight (D:15)
  2 ugly things
  3 black mambas (Snake:4)
  A hornet (Swamp:4)
  3 slime creatures
  A spriggan (Swamp:4)
  2 steam dragons (Swamp:4)
  2 swamp worms
  3 vampire mosquitoes (Swamp:4)
  2 nagas (Snake:4)
  7 swamp drakes (Swamp:4)
  An eye of draining (shapeshifter) (Elf:1)
  A human (D:6)
  A scorpion (D:7)
  2 orc priests
  An orc wizard (Vaults:4)
  A gnoll (D:9)
  6 white imps (IceCv)
  3 ufetubi (IceCv)
  An orc (D:14)
  A kobold (D:14)
  13 fungi
  5 plants
  12 starspawn tentacles (Snake:4)
  6 toadstools (Swamp:1)
123 creatures vanquished.

Grand Total: 1685 creatures vanquished

Notes
Turn   | Place    | Note
-------+----------+-------------------------------------------
     0 | Abyss:1  | Apogee the Troll Abyssal Knight began the quest for the
                  | Orb.
     0 | Abyss:1  | Reached XP level 1. HP: 22/22 MP: 1/1
     7 | D:1      | Escaped the Abyss
    14 | D:1      | Noticed a komodo dragon
    14 | D:1      | Noticed an eight-headed hydra
   194 | D:1      | Reached XP level 2. HP: 28/29 MP: 2/2
   317 | D:1      | Reached ** piety under Lugonu
   570 | D:1      | Reached skill level 3 in Unarmed Combat
   694 | D:2      | Reached XP level 3. HP: 36/36 MP: 3/3
  1587 | D:3      | Found a glowing golden altar of the Shining One.
  1816 | D:3      | Found a shattered altar of Ashenzari.
  1816 | D:3      | Found an ancient bone altar of Kikubaaqudgha.
  1818 | D:3      | Reached XP level 4. HP: 44/45 MP: 4/4
  1933 | D:4      | Found a sacrificial altar of Ru.
  2022 | D:4      | Reached skill level 4 in Unarmed Combat
  2022 | D:4      | Reached XP level 5. HP: 47/53 MP: 5/5
  2104 | D:4      | Noticed an ogre
  2112 | D:4      | Killed an ogre
  2112 | D:4      | Reached XP level 6. HP: 52/61 MP: 5/7
  2231 | D:4      | Reached skill level 5 in Unarmed Combat
  2375 | D:4      | Found a bloodstained altar of Trog.
  2925 | D:5      | Entered Level 5 of the Dungeon
  2960 | D:5      | Noticed a sky beast
  2982 | D:5      | Reached *** piety under Lugonu
  2997 | D:5      | Killed a sky beast
  2997 | D:5      | Reached XP level 7. HP: 40/70 MP: 8/8
  3041 | D:5      | Reached skill level 6 in Unarmed Combat
  3126 | D:5      | Found Lucamygg's Antique Weapon Emporium.
  3954 | D:6      | Found a staircase to the Ecumenical Temple.
  3982 | D:6      | Reached **** piety under Lugonu
  4037 | D:6      | Found an ancient bone altar of Kikubaaqudgha.
  4039 | D:6      | Reached skill level 7 in Unarmed Combat
  4039 | D:6      | Reached XP level 8. HP: 71/79 MP: 10/10
  4236 | D:6      | Found Vegow's Weapon Shop.
  4363 | D:6      | Reached skill level 5 in Fighting
  4373 | D:6      | Found a snail-covered altar of Cheibriados.
  4412 | D:6      | Found a shimmering blue altar of Sif Muna.
  4681 | D:6      | Gained mutation: You tend to lose your temper in combat.
                  | [potion of mutation]
  4681 | D:6      | Gained mutation: Scrolls take you a little longer to read.
                  | [potion of mutation]
  4681 | D:6      | Lost mutation: You tend to lose your temper in combat.
                  | [potion of mutation]
  4681 | D:6      | Gained mutation: You are surrounded by a mild repulsion
                  | field. (EV +2) [potion of mutation]
  4755 | D:7      | Found Ziyjuc's General Store.
  4958 | D:7      | Reached skill level 8 in Unarmed Combat
  5065 | D:7      | Lost mutation: Scrolls take you a little longer to read.
                  | [potion of mutation]
  5065 | D:7      | Gained mutation: Your muscles are strong. (Str +2) [potion
                  | of mutation]
  5065 | D:7      | Gained mutation: You tend to lose your temper in combat.
                  | [potion of mutation]
  5065 | D:7      | Gained mutation: Armour fits poorly on your strangely
                  | shaped body. [potion of mutation]
  5065 | D:7      | Gained mutation: Your spells are a little harder to cast,
                  | but a little more powerful. [potion of mutation]
  5383 | D:7      | Reached skill level 5 in Invocations
  5607 | D:8      | Reached XP level 9. HP: 44/88 MP: 11/11
  5706 | D:8      | Reached skill level 9 in Unarmed Combat
  6355 | D:9      | Found Xajalita's Antique Weapon Boutique.
  6604 | D:9      | Found a staircase to the Orcish Mines.
  6694 | D:9      | Reached skill level 10 in Unarmed Combat
  7019 | D:10     | Entered Level 10 of the Dungeon
  7020 | D:10     | Noticed Fannar
  7242 | D:10     | Reached skill level 1 in Shields
  7264 | D:10     | Reached ***** piety under Lugonu
  7337 | D:10     | Reached XP level 10. HP: 100/100 MP: 13/13
  7680 | D:10     | Killed Fannar
  7680 | D:10     | Reached skill level 11 in Unarmed Combat
  7835 | D:10     | Found a staircase to the Lair.
  7848 | D:10     | Found Nien's Armour Boutique.
  7927 | D:10     | Noticed a two-headed ogre
  7934 | D:10     | Killed a two-headed ogre
  8029 | D:10     | Reached skill level 12 in Unarmed Combat
  8290 | D:11     | Reached XP level 11. HP: 110/110 MP: 14/14
  8772 | D:11     | Noticed a sun demon
  9207 | D:11     | Noticed Nergalle
  9219 | D:11     | Killed Nergalle
  9516 | D:12     | Lost mutation: You tend to lose your temper in combat.
                  | [potion of mutation]
  9516 | D:12     | Lost mutation: Your spells are a little harder to cast, but
                  | a little more powerful. [potion of mutation]
  9516 | D:12     | Lost mutation: Armour fits poorly on your strangely shaped
                  | body. [potion of mutation]
  9516 | D:12     | Gained mutation: Your movements are slightly less
                  | encumbered by armour. (ER -2) [potion of mutation]
  9516 | D:12     | Gained mutation: You are agile. (Dex +2) [potion of
                  | mutation]
 10001 | D:12     | Killed an unseen horror
 10001 | D:12     | Reached skill level 5 in Shields
 10001 | D:12     | Reached skill level 13 in Unarmed Combat
 10315 | D:13     | Killed an unseen horror
 10347 | D:13     | Noticed Erolcha
 10360 | D:13     | Killed Erolcha
 10473 | D:13     | Killed an unseen horror
 10685 | D:13     | Noticed a soul eater
 10697 | D:13     | Reached XP level 12. HP: 100/122 MP: 15/15
 11006 | D:13     | Reached skill level 14 in Unarmed Combat
 11044 | D:13     | Noticed an ogre mage
 11070 | D:13     | Killed an ogre mage
 11123 | D:13     | Found a gate to the Vaults.
 11177 | D:13     | Found a portal to a secret trove of treasure.
 11329 | Lair:1   | Entered Level 1 of the Lair of Beasts
 11699 | Lair:1   | Reached ****** piety under Lugonu
 13335 | Lair:3   | Reached skill level 15 in Unarmed Combat
 13655 | Lair:3   | Noticed a seven-headed hydra
 13659 | Lair:3   | Banished a seven-headed hydra
 14107 | Lair:4   | Reached XP level 13. HP: 115/133 MP: 16/16
 14338 | Lair:4   | Got an ichor-stained flail
 14405 | Lair:4   | Reached skill level 10 in Fighting
 14406 | Lair:4   | Found a dark tunnel.
 14415 | Volcano  | Entered a volcano
 14567 | Volcano  | Noticed a stone giant
 14594 | Volcano  | Found a radiant altar of Vehumet.
 14642 | Volcano  | Killed a stone giant
 14977 | Lair:4   | Found a staircase to the Swamp.
 15174 | Lair:4   | Found a staircase to the Snake Pit.
 15545 | Lair:4   | Reached skill level 16 in Unarmed Combat
 15748 | Orc:1    | Entered Level 1 of the Orcish Mines
 15748 | Orc:1    | Noticed Harold
 15757 | Orc:1    | Noticed an ettin
 15765 | Orc:1    | Killed Harold
 15774 | D:9      | Banished an ettin
 16459 | D:14     | Noticed Azrael
 16497 | D:14     | Killed Azrael
 16680 | D:14     | Noticed Agnes
 16694 | D:14     | Killed Agnes
 16891 | D:14     | Noticed Josephine
 16895 | D:14     | Banished Josephine
 17017 | D:14     | Reached XP level 14. HP: 144/144 MP: 17/17
 17222 | D:14     | HP: 1/144 [shock serpent/bolt of electricity (11)]
 17655 | D:14     | Found Yguar Riosch's General Store.
 17931 | D:15     | Entered Level 15 of the Dungeon
 17943 | D:15     | Noticed Rupert
 17948 | D:15     | Banished Rupert
 17948 | D:15     | Reached skill level 17 in Unarmed Combat
 18241 | D:15     | Found a frozen archway.
 18282 | IceCv    | Entered an ice cave
 18400 | IceCv    | Killed a reaper
 18463 | IceCv    | Identified the +1 flail "Huzics" {flame, MR+ Str+3} (You
                  | found it on level 4 of the Lair of Beasts)
 19501 | D:15     | Reached skill level 18 in Unarmed Combat
 19929 | D:15     | Learned a level 1 spell: Beastly Appendage
 19964 | D:15     | Found a staircase to the Depths.
 20000 | D:15     | Reached skill level 1 in Armour
 20196 | D:15     | Found Cerolir's General Store.
 20494 | Lair:4   | Reached XP level 15. HP: 144/156 MP: 18/18
 21180 | Lair:5   | Found a white marble altar of Elyvilon.
 21846 | Lair:6   | Entered Level 6 of the Lair of Beasts
 21852 | Lair:6   | Identified the Volume of Transmigration and Calling
 22101 | Lair:6   | Reached skill level 5 in Dodging
 22273 | Lair:6   | Found a viscous altar of Jiyva.
 22274 | Lair:6   | Found a staircase to the Slime Pits.
 22424 | Lair:6   | Reached skill level 5 in Armour
 22674 | Lair:6   | Cast into level 2 of the Abyss (a wizard)
 22675 | Lair:6   | Escaped the Abyss
 22728 | Lair:6   | Found a burning altar of Makhleb.
 22769 | Lair:6   | Found a gateway to Hell.
 23476 | Orc:2    | Entered Level 2 of the Orcish Mines
 23501 | Orc:2    | Found a staircase to the Elven Halls.
 23813 | Orc:2    | Found a roughly hewn altar of Beogh.
 24103 | Orc:2    | Reached XP level 16. HP: 169/169 MP: 19/19
 24270 | Orc:2    | Found Siamonamp's Assorted Antiques.
 24270 | Orc:2    | Found Orodid's Food Boutique.
 24270 | Orc:2    | Found Sont's Weapon Boutique.
 24273 | Orc:2    | Found Hegutuef's Jewellery Shop.
 24748 | Elf:1    | Entered Level 1 of the Elven Halls
 24786 | Elf:1    | Found a radiant altar of Vehumet.
 25682 | Elf:1    | Noticed Daamyrhor's ghost (journeyman TrFi)
 25683 | Elf:1    | Found a runed translucent gate.
 25684 | Elf:1    | Found a runed translucent gate.
 25685 | Elf:1    | Found a runed translucent gate.
 26295 | Elf:1    | Identified Sif Muna's Grimoire of Companions
 26929 | Swamp:1  | Entered Level 1 of the Swamp
 27156 | Orc:2    | Bought the ring of Robustness {AC+8} for 1920 gold pieces
 27156 | Orc:2    | Found the ring of Robustness {AC+8}
 27156 | Orc:2    | Bought an uncursed ring of poison resistance for 300 gold
                  | pieces
 27156 | Orc:2    | Bought an uncursed amulet of regeneration for 450 gold
                  | pieces
 27726 | Swamp:1  | Noticed a thorn hunter
 27738 | Swamp:1  | Killed a thorn hunter
 29318 | Swamp:3  | Reached XP level 17. HP: 126/180 MP: 20/20
 29377 | Swamp:3  | Noticed Nikola
 29387 | Swamp:3  | Noticed Louise
 29412 | Swamp:2  | Killed Louise
 29442 | Swamp:3  | Killed Nikola
 30252 | Swamp:4  | Entered Level 4 of the Swamp
 30963 | Swamp:4  | Corrupted Swamp:4
 31168 | Swamp:4  | Got a decaying rune of Zot
 31698 | Snake:1  | Entered Level 1 of the Snake Pit
 33416 | Snake:2  | Reached skill level 10 in Dodging
 33519 | Snake:2  | Reached XP level 18. HP: 140/191 MP: 23/23
 34153 | Snake:2  | Reached skill level 10 in Armour
 34450 | Snake:3  | Found Caecrew's Distillery.
 34647 | Snake:2  | Reached skill level 15 in Fighting
 34991 | Snake:3  | Identified a scroll of acquirement
 34991 | Snake:3  | Acquired the amulet of Satyriasis {Acrobat +Inv rElec
                  | rPois}
 35021 | Snake:3  | Reached skill level 10 in Invocations
 35486 | Snake:4  | Entered Level 4 of the Snake Pit
 35957 | Snake:4  | Found Dajab's Jewellery Shoppe.
 35960 | Snake:4  | Found Feshif's Gadget Shop.
 35961 | Snake:4  | Found Suezonur's Jewellery Shoppe.
 36092 | Snake:4  | Corrupted Snake:4
 36092 | Snake:4  | Noticed a bone dragon
 36275 | Snake:4  | Reached skill level 10 in Shields
 36719 | Snake:4  | Reached skill level 19 in Unarmed Combat
 37094 | Snake:4  | Got a serpentine rune of Zot
 37485 | Vaults:1 | Entered Level 1 of the Vaults
 37773 | Vaults:1 | Reached XP level 19. HP: 177/201 MP: 25/25
 37820 | Vaults:1 | Found a magical portal.
 37826 | WizLab   | Entered Iskenderun's Mystic Tower
 38910 | WizLab   | Identified Iskenderun's Catalogue of Confrontation
 38910 | WizLab   | Identified Iskenderun's Handbook of Conjuration
 39015 | Vaults:1 | Found Jinukhe's Weapon Boutique.
 39029 | Vaults:1 | Found Innamyrr's Book Emporium.
 39032 | Vaults:1 | Found Ybeig's Gadget Shop.
 39265 | Vaults:1 | Acquired 870 gold pieces
 40262 | Vaults:2 | Identified the Almanac of Fiery Air
 40324 | Vaults:2 | Found Utosousm's Antique Weapon Shoppe.
 40428 | Vaults:2 | Reached skill level 20 in Unarmed Combat
 41405 | Vaults:2 | Noticed a bone dragon
 41418 | Vaults:2 | Killed a bone dragon
 41448 | Vaults:2 | Found a staircase to the Crypt.
 42596 | Vaults:3 | Reached XP level 20. HP: 188/210 MP: 26/26
 43582 | Vaults:3 | Found Wixoip's Antique Armour Shop.
 43641 | Vaults:3 | Found Tehuhor's Magic Scroll Emporium.
 43744 | Vaults:3 | Reached skill level 15 in Shields
 45462 | Vaults:4 | Escaped the Abyss
 45465 | Vaults:4 | HP: 8/210 [vault guard/+0 long sword[a vault warden] (13)]
 45983 | Vaults:4 | Noticed Boris
 46011 | Vaults:4 | Killed Boris
 46011 | Vaults:4 | Reached XP level 21. HP: 108/218 MP: 27/27
 47198 | Slime:1  | Entered Level 1 of the Pits of Slime
 47989 | Slime:2  | Noticed Dissolution
 48393 | Slime:4  | Slain by an azure jelly

Illustrated notes

Levels and vault maps discovered:
D:1:      onia_arrival_zoo_common, layout_loops_ring, minmay_tetromino_o4
D:2:      layout_loops_ring, first_ration, grunt_decor_clamped,
          minmay_worlds_worst_comb
D:3:      layout_rooms, overflow_temple_1_default,
          gammafunk_temple_overflow_wave, minmay_misc_feat_nine_boxes,
          hangedman_decor_growths
D:4:      layout_layer_cave, nicolae_ru_great_annihilating_truth, bloody_trog
D:5:      layout_cave_pods, serial_shops, shop
D:6:      layout_basic, lemuel_blue_sif_altar, lemuel_doored_altar,
          minmay_temple_entry_waves, serial_shops, shop, tgw_kikubaaqudgha
D:7:      layout_gridville, serial_shops, nicolae_shop_trees, the_bakery
D:8:      layout_rooms, minmay_crystal_room, nrook_campfire
D:9:      layout_basic, orc_0_dummy, serial_shops, shop_statue, chequers_jeans
D:10:     layout_cave_pods, lair_entry_dummy, serial_shops,
          kennysheep_little_box, uniq_fannar
D:11:     layout_cave_pods, minmay_mirror_moons_of_madness, uniq_nergalle
D:12:     layout_cave_pods
D:13:     lemuel_slime, layout_rooms, hangedman_vaults_entry_quadrant_bands,
          nicolae_trove_entry_diagonal, uniq_erolcha
D:14:     minmay_shoctagon, layout_basic, serial_shops, nicolae_shop_crystal,
          uniq_agnes, uniq_josephine, uniq_azrael
D:15:     hangedman_depths_entry_civil_slaughter, layout_cross, serial_shops,
          shop, portal_ice_cave_entry_ice_beasts, minivault_4,
          minmay_misc_feat_square, uniq_rupert
Lair:1:   wad_woods_structure_01, layout_long_grid
Lair:2:   layout_chaotic_city
Lair:3:   layout_roguey
Lair:4:   layout_regular_city, palyth_hydra_swamp_entry,
          minmay_snake_entry_guardpost_medium, nicolae_volcano_entry_batcave
Lair:5:   layout_roguey [special_room_mythical_zoo], basic_altar, serial_rivers,
          chequers_serial_rivers_micro_d, chequers_serial_rivers_small_a,
          chequers_serial_rivers_marsh, chequers_serial_rivers_small_b,
          chequers_serial_rivers_micro_d, chequers_serial_rivers_large_a,
          fungi_pond_lemuel, serial_bayou_pond_c, infiniplex_staircase_pool
Lair:6:   evil_forest, layout_misc_corridors, slime_altar_1, grunt_megastairs_5,
          serial_bayou_shore_a
Swamp:1:  cheibrodos_swamp_tower_of_moss, layout_basic_swamp,
          evilmike_swamp_ruin_rubble_2, swamp_pool2
Swamp:2:  layout_basic_swamp, nicolae_swamp_very_dense_foliage
Swamp:3:  layout_falls_marsh, evilmike_swamp_ruin_house_2,
          infiniplex_staircase_pool_2, uniq_nikola, uniq_louise
Swamp:4:  swamp_fiery, layout_basic_swamp, nicolae_swamp_treefoil
Snake:1:  layout_onion_interference, grunt_ministairs_7
Snake:2:  layout_honeycomb
Snake:3:  layout_onion, serial_shops, shop
Snake:4:  snake_pit, layout_chambers, grunt_ministairs_2, minmay_shop_grove
Slime:1:  layout_caves
Slime:2:  layout_caves, uniq_dissolution
Slime:3:  layout_caves
Slime:4:  layout_caves
Orc:1:    layout_caves, uniq_harold
Orc:2:    st_orc_mages, layout_diamond_mine, david_defended_altar_orc
Elf:1:    eino_elf_arrival_altar, layout_onion_city, gammafunk_ghost_split,
          minmay_elf_demonology, serial_sigils_hangedman_stare
Vaults:1: hangedman_vaults_nails, ontoclasm_vaults_claustrophobia, v_misc_24,
          grunt_vaults_focal, vaults_room_pool, v_misc_1, vaults_mumra_chevron,
          nicolae_vaults_network_star, ontoclasm_vaults_misaligned,
          v_alt_pattern_6, ontoclasm_vaults_loading_screen, v_misc_11,
          layout_vaults_ring, serial_shops, nicolae_shop_statue_plus, shop,
          shop, mu_enter_wizlab_1
Vaults:2: ontoclasm_vaults_spin, vaults_dpeg_ring, grunt_vaults_hallway_short,
          ontoclasm_vaults_fire_temple, v_misc_8, grunt_vaults_hallway_short,
          vaults_mumra_minichess_inversion, v_misc_23,
          minmay_crypt_entry_nasty_monster, layout_vaults_omnigrid,
          serial_shops, shop
Vaults:3: v_misc_32, nicolae_vaults_yaktaur_gun_rack, v_pattern_4,
          nicolae_vaults_little_squares_1, v_misc_18,
          nicolae_vaults_network_periphery, st_lattice, v_rooms_3,
          nicolae_vaults_asterisk, v_misc_13, nicolae_vaults_asterisk,
          nicolae_vaults_diagonal_hallway_6, ontoclasm_vaults_decontamination,
          layout_vaults_chaotic_city, serial_shops, nicolae_shop_statue_plus,
          shop
Vaults:4: ontoclasm_vaults_misaligned, v_rooms_4, hangedman_vaults_slice,
          nicolae_vaults_meeting, vaults_room_boxed,
          nicolae_vaults_three_branches, nicolae_vaults_twisting_passages,
          nicolae_vaults_what_the_h, ontoclasm_vaults_ligature, serial_ice_h,
          layout_vaults_omnicross, uniq_boris

Skill      XL: |  1  2  3  4  5  6  7  8  9 10 11 12 13 14 15 16 17 18 19 20 21 |
---------------+----------------------------------------------------------------+-----
Unarmed Combat | 3 4 5 7 8 10 12 13 15 16 18 19 20 | 20.0
Invocations    | 2 3 4 5 6 8 10 | 10.3
Fighting       | 3 4 5 6 7 8 9 10 11 13 14 15 | 15.0
Shields        | 1 4 5 7 8 9 10 13 15 | 15.0
Dodging        | 2 6 8 10 11 12 | 12.2
Armour         | 1 5 8 9 10 11 12 | 12.2

Action                   |  1- 3 |  4- 6 |  7- 9 | 10-12 | 13-15 | 16-18 | 19-21 || total
-------------------------+-------+-------+-------+-------+-------+-------+-------++-------
Melee: Unarmed           |   126 |   108 |   389 |   584 |  1166 |  1583 |  1436 ||  5392
       Punch             |       |     2 |    10 |     4 |       |       |       ||    16
       Rapier            |       |       |       |       |     3 |    22 |       ||    25
Throw: Throwing net      |       |       |       |       |     1 |     2 |       ||     3
Invok: Banish            |       |       |     3 |     6 |    35 |    22 |    14 ||    80
       Bend Space        |       |       |       |       |     5 |     6 |       ||    11
       Depart the Abyss  |       |       |       |       |     1 |       |     1 ||     2
       Corrupt           |       |       |       |       |       |     2 |       ||     2
       Enter the Abyss   |       |       |       |       |       |       |     1 ||     1
Evoke: Wand              |       |       |       |     3 |     2 |     6 |       ||    11
  Use: Potion            |       |     5 |     6 |     2 |     4 |     4 |     7 ||    28
       Scroll            |       |     5 |     6 |     2 |    10 |    13 |     4 ||    40
 Stab: Sleeping          |     3 |     1 |       |       |     1 |       |       ||     5
       Confused          |       |       |       |       |     2 |     2 |       ||     4
       Held in net/web   |       |       |       |       |     1 |       |       ||     1
  Eat: Ration            |     2 |     1 |     5 |     8 |    11 |    16 |    12 ||    55
Armor: Robe              |    59 |    47 |    96 |    29 |       |       |       ||   231
       Troll leather arm |       |       |       |    40 |       |       |       ||    40
       Acid dragon scale |       |       |       |   101 |   301 |   342 |   254 ||   998
Dodge: Dodged            |    79 |    57 |   180 |   241 |   371 |   657 |   480 ||  2065
       Repelled          |       |       |       |       |       |    71 |    29 ||   100
Block: Kite shield       |       |       |       |   169 |   566 |   803 |   728 ||  2266
       Reflection        |       |       |       |       |       |       |     2 ||     2

Table legend:
 A = Non-vault XP
 B = Vault XP
 C = Vault XP percentage of total XP
 D = Non-vault monster count
 E = Vault monster count
 F = Vault count percentage of total count
                 A         B        C        D         E       F
            +---------+---------+-------+---------+---------+-------
      Total |  398420 |  232577 |  36.9 |    1126 |     483 |  30.0
            +---------+---------+-------+---------+---------+-------
        D:1 |      34 |       4 |  10.5 |      25 |       3 |  10.7
        D:2 |       4 |       6 |  60.0 |       3 |       3 |  50.0
        D:3 |      62 |       0 |   0.0 |      19 |       0 |   0.0
        D:4 |     391 |      59 |  13.1 |      17 |       4 |  19.0
        D:5 |     574 |       0 |   0.0 |      37 |       0 |   0.0
        D:6 |     863 |       0 |   0.0 |      17 |       0 |   0.0
        D:7 |     358 |     220 |  38.1 |      15 |       1 |   6.2
        D:8 |    1184 |       0 |   0.0 |      34 |       0 |   0.0
        D:9 |    2776 |       0 |   0.0 |      38 |       0 |   0.0
       D:10 |    4381 |    1002 |  18.6 |      31 |       1 |   3.1
       D:11 |    3581 |    1702 |  32.2 |      31 |       7 |  18.4
       D:12 |    1791 |       0 |   0.0 |      17 |       0 |   0.0
       D:13 |    4781 |    6659 |  58.2 |      23 |      39 |  62.9
       D:14 |    7980 |    9403 |  54.1 |      39 |      21 |  35.0
       D:15 |   18413 |    9037 |  32.9 |      42 |      16 |  27.6
     Lair:1 |    3626 |     461 |  11.3 |      15 |       3 |  16.7
     Lair:2 |    2132 |       0 |   0.0 |      12 |       0 |   0.0
     Lair:3 |    3297 |       0 |   0.0 |      10 |       0 |   0.0
     Lair:4 |    9153 |    3776 |  29.2 |      38 |      12 |  24.0
     Lair:5 |    9750 |    5888 |  37.7 |      34 |      24 |  41.4
     Lair:6 |   13677 |   12407 |  47.6 |      44 |      28 |  38.9
    Swamp:1 |    6397 |    2067 |  24.4 |      20 |       1 |   4.8
    Swamp:2 |   13340 |    1601 |  10.7 |      36 |       1 |   2.7
    Swamp:3 |   16913 |    3299 |  16.3 |      38 |       1 |   2.6
    Swamp:4 |    9737 |    8919 |  47.8 |      26 |      15 |  36.6
    Snake:1 |    9944 |     748 |   7.0 |      20 |       2 |   9.1
    Snake:2 |   32409 |       0 |   0.0 |      53 |       0 |   0.0
    Snake:3 |   27753 |       0 |   0.0 |      51 |       0 |   0.0
    Snake:4 |   10338 |   24057 |  69.9 |      20 |      39 |  66.1
    Slime:3 |   15964 |       0 |   0.0 |      33 |       0 |   0.0
    Slime:4 |    4139 |       0 |   0.0 |       6 |       0 |   0.0
      Orc:1 |     842 |     987 |  54.0 |      17 |       1 |   5.6
      Orc:2 |    2424 |    5870 |  70.8 |      15 |      46 |  75.4
      Elf:1 |   27081 |    9316 |  25.6 |      41 |      15 |  26.8
   Vaults:1 |   25213 |   10074 |  28.5 |      41 |      20 |  32.8
   Vaults:2 |   15829 |   15633 |  49.7 |      42 |      26 |  38.2
   Vaults:3 |   58626 |   29220 |  33.3 |      91 |      33 |  26.6
   Vaults:4 |   31874 |   37104 |  53.8 |      34 |      52 |  60.5
    Abyss:1 |     789 |       0 |   0.0 |       1 |       0 |   0.0
      IceCv |       0 |    3859 | 100.0 |       0 |      23 | 100.0
    Volcano |       0 |    4581 | 100.0 |       0 |      19 | 100.0
     WizLab |       0 |   24618 | 100.0 |       0 |      27 | 100.0
            +---------+---------+-------+---------+---------+-------
